 Dungeon Crawl Stone Soup version 0.21-a0-509-gecc5317 (webtiles) character file.

273 Cricketeer the Chopper (level 6, 0/56 HPs)
             Began as a Minotaur Berserker on Nov 30, 2017.
             Was a Believer of Trog.
             Slain by an orc wizard
             ... wielding a +0 dagger
              (3 damage)
             ... on level 3 of the Dungeon.
             The game lasted 00:06:57 (2078 turns).

Cricketeer the Chopper (Minotaur Berserker)         Turns: 2078, Time: 00:06:57

Health: 0/56       AC:  2    Str: 24    XL:     6   Next: 2%
Magic:  5/5        EV: 13    Int:  4    God:    Trog [**....]
Gold:   141        SH:  0    Dex:  9    Spells: 5/5 levels left

rFire    . . .     SeeInvis .   a - +0 hand axe
rCold    . . .     Gourm    .   (no shield)
rNeg     . . .     Faith    .   b - +0 animal skin
rPois    .         Spirit   .   (helmet restricted)
rElec    .         Reflect  .   (no cloak)
rCorr    .         Harm     .   (no gloves)
MR       .....                  (no boots)
Stlth    +.........             (no amulet)
HPRegen  0.18/turn              (no ring)
MPRegen  0.09/turn              (no ring)

@: no status effects
A: retaliatory headbutt, horns 2
a: Berserk, Trog's Hand, Burn Spellbooks, Renounce Religion


You were on level 3 of the Dungeon.
You worshipped Trog.
Trog was pleased with you.
You were not hungry.

You visited 1 branch of the dungeon, and saw 3 of its levels.

You collected 141 gold pieces.

Inventory:

Hand Weapons
 a - a +0 hand axe (weapon)
 i - a +0 spear
 j - a +0 halberd
Armour
 b - a +0 animal skin (worn)
Jewellery
 m - an uncursed ring of poison resistance {unknown}
Scrolls
 d - 3 scrolls of identify {unknown}
 f - a scroll of remove curse
 h - 3 scrolls of magic mapping {unknown}
 k - a scroll of enchant armour {unknown}
 p - a scroll of teleportation {unknown}
 r - a scroll of fog {unknown}
 s - a scroll of blinking {unknown}
 t - 2 scrolls of enchant weapon {unknown}
 v - a scroll of fear {unknown}
Potions
 e - 3 potions of might {unknown}
 g - a potion of berserk rage {unknown}
 o - a potion of haste {unknown}
 u - a potion of curing {unknown}
Comestibles
 c - 4 bread rations
 n - 2 fruits
 q - a meat ration


   Skills:
 + Level 5.1 Fighting
 + Level 5.1 Axes
 + Level 4.2 Armour
 + Level 3.9 Dodging


You had 5 spell levels left.
You didn't know any spells.

Dungeon Overview and Level Annotations

Branches:
Dungeon (3/15)

Altars:
Elyvilon


Innate Abilities, Weirdness & Mutations

You reflexively headbutt those who attack you in melee.
You have a pair of horns on your head.


Message History

You're too confused!
The orc hits you with a hand axe!
* * * LOW HITPOINT WARNING * * *
Something hits you.
* * * LOW HITPOINT WARNING * * *
You miss the orc. Your headbutt misses the orc.
The orc is almost dead.
You completely miss something. The orc closely misses you. Something hits you.
* * * LOW HITPOINT WARNING * * *
You're too confused!
You hit the orc.
You kill the orc!
Trog accepts your kill.
You hit something but do no damage.
You feel less confused. Something hits you but does no damage.
Something hits you.
* * * LOW HITPOINT WARNING * * *
You closely miss something. Your headbutt misses something. Something hits you.
You die...

##.....## # ...
#####.......## ##
#..
..##.......[.####.
....
...+.........'....
#...
#.##.........####.
#...##.#
#.......## #.
#......# ##.....##
#. #.###).#
##...## #.
#....{@# ##'## #.
#####)## #.# #.
#.# ##.###### #.
#.### #.......# #.
#...# ##...###.#
#. ###.# #.....#
#. #.# ##...##
#.####..####.##
#..............


There were no monsters in sight!

Vanquished Creatures
  A bullfrog skeleton (D:2)
  Jessica (D:2)
  Natasha (thrice) (D:2)
  An orc wizard (D:3)
  3 adders (D:2)
  4 gnolls (D:2)
  2 worms (D:2)
  A dart slug (D:2)
  A leopard gecko (D:3)
  3 orcs (D:3)
  A giant cockroach (D:1)
  4 goblins
  5 hobgoblins (D:1)
  4 jackals (D:2)
  7 bats
  7 kobolds
  5 rats
53 creatures vanquished.

Vanquished Creatures (others)
  A worm (D:3)
1 creature vanquished.

Grand Total: 54 creatures vanquished

Notes
Turn   | Place    | Note
-------+----------+-------------------------------------------
     0 | D:1      | Cricketeer the Minotaur Berserker began the quest for the Orb.
     0 | D:1      | Reached XP level 1. HP: 19/19 MP: 0/0
   154 | D:1      | Reached XP level 2. HP: 18/27 MP: 1/1
  1058 | D:2      | Noticed Natasha
  1069 | D:2      | Reached XP level 3. HP: 33/33 MP: 2/2
  1070 | D:2      | Killed Natasha
  1076 | D:2      | Reached XP level 4. HP: 41/41 MP: 3/3
  1219 | D:2      | Noticed Natasha
  1230 | D:2      | Killed Natasha
  1353 | D:2      | Noticed Natasha
  1361 | D:2      | Killed Natasha
  1361 | D:2      | Reached XP level 5. HP: 34/47 MP: 4/4
  1392 | D:2      | Reached ** piety under Trog
  1509 | D:2      | Found a white marble altar of Elyvilon.
  1763 | D:2      | Noticed Jessica
  1775 | D:2      | Killed Jessica
  1775 | D:2      | Reached skill level 5 in Fighting
  1775 | D:2      | Reached skill level 5 in Axes
  2062 | D:3      | Reached XP level 6. HP: 30/56 MP: 5/5
  2078 | D:3      | Slain by an orc wizard

Vault maps used:
D:1:      tarquinn_simple_flora_water_b, serial_bayou_pond_b,
          roderic_cross_of_infinity
D:2:      lemuel_doored_altar, uniq_natasha, uniq_jessica
D:3:      fiery_altar_vehumet, led_sif_pool

Skill      XL: |  1  2  3  4  5 |
---------------+----------------+-----
Axes           | 4 5 |  5.1
Fighting       | 4 5 |  5.1
Armour         | 3 4 |  4.2
Dodging        | 3 |  3.9

Action                   |  1- 3 |  4- 6 || total
-------------------------+-------+-------++-------
Melee: Hand axe          |    43 |    85 ||   128
       Headbutt          |     9 |    10 ||    19
Invok: Berserk           |     1 |       ||     1
  Use: Scroll            |     1 |       ||     1
  Eat: Chunk             |       |     5 ||     5
Armor: Animal skin       |     7 |    14 ||    21
Dodge: Dodged            |    21 |    72 ||    93

Table legend:
 A = Spawn XP
 B = Non-spawn XP
 C = Spawn XP percentage of total XP
 D = Spawn monster count
 E = Non-spawn monster count
 F = Spawn count percentage of total count
 G = Total turns spent on level
                    A         B        C        D         E        F      G
               +---------+---------+-------+---------+---------+-------+---------
         Total |       0 |     390 |   0.0 |       0 |      53 |   0.0 |  2078
               +---------+---------+-------+---------+---------+-------+---------
           D:1 |       0 |      23 |   0.0 |       0 |      13 |   0.0 |   890
           D:2 |       0 |     316 |   0.0 |       0 |      31 |   0.0 |   948
           D:3 |       0 |      51 |   0.0 |       0 |       9 |   0.0 |   240
               +---------+---------+-------+---------+---------+-------+---------
